 Dungeon Crawl Stone Soup version 0.30-a0-845-g7c6808c8ce (webtiles) character file.

Game seed: 13439882970102118044

359490 MacCMillion the Acrobat (level 21, -2/114 (124) HPs)
             Began as a Spriggan Hunter on Mar 3, 2023.
             Was the Champion of Dithmenos.
             Killed by a resonance strike
             ... invoked by Zenata
              (30 damage)
             ... on level 3 of the Vaults on Mar 4, 2023.
             The game lasted 02:32:59 (81608 turns).

MacCMillion the Acrobat (Spriggan Hunter)          Turns: 81608, Time: 02:32:59

HP:   -2/114 (124)  AC: 14    Str:  9    XL:     21   Next: 46%
MP:   22/22         EV: 52    Int: 12    God:    Dithmenos [******]
Gold: 6085          SH:  0    Dex: 28    Spells: 14/20 levels left

rFire   + . .      SeeInvis +    J - +4 arbalest (flame)
rCold   + . .      Faith    .    (shield currently unavailable)
rNeg    . . .      Spirit   .    C - +1 steam dragon scales
rPois   .          Reflect  .    M - +2 hood of the Assassin {Detect Stab+ Stlth++}
rElec   .          Rampage  .    U - scarf {rC+ rF+}
rCorr   .                        (gloves unavailable)
Will    ++++.                    (boots unavailable) Stlth *****+++++
                                 V - amulet of the Scavenger {RegenMP Str+2}
HPRegen 0.39/turn                I - +4 ring of protection
MPRegen 0.58/turn                W - ring of willpower

@: about to teleport, hasted, wreathed by umbra, drained, very quick
A: very small, no large weapons, unfitting armour, see invisible, speed 3
}: 2/15 runes: decaying, gossamer
a: Renounce Religion, Shadow Step, Shadow Form


You were on level 3 of the Vaults.
You worshipped Dithmenos.
Dithmenos was exalted by your worship.
You visited 9 branches of the dungeon, and saw 38 of its levels.
You visited 1 bazaar.
You also visited: Volcano.

You collected 6223 gold pieces.
You spent 138 gold pieces at shops.

Inventory:

Hand Weapons
 J - a +4 arbalest of flaming (weapon)
 O - a +1 arbalest of freezing
Missiles
 R - a throwing net
Armour
 c - a +2 cloak of poison resistance
 y - a +2 robe of resistance
 C - +1 steam dragon scales (worn)
 M - the +2 hood of the Assassin (worn) {Detect Stab+ Stlth++}
   (You found it on level 3 of the Elven Halls)

   Detect:    It allows the wearer to sense nearby creatures.
   Stab+:     It allows the wearer to make particularly effective stabbing
   attacks against helpless or unaware enemies with any weapon.
   Stlth:     It makes you much more stealthy.
 U - a scarf of resistance (worn)
Jewellery
 a - a ring of poison resistance
 g - an amulet of magic regeneration
 q - a ring of protection from fire
 I - a +4 ring of protection (left hand)
 L - a ring of protection from cold
 T - the ring "Geasag" {rC- MP+9 Str+4 Dex+4}
   (You took it off a deep elf elementalist on level 3 of the Elven Halls)

   [ring of magical power]

   Str:       It affects your strength (+4).
   Dex:       It affects your dexterity (+4).
   rC:        It makes you vulnerable to cold.
   MP:        It affects your magic capacity (+9).
 V - the amulet of the Scavenger (around neck) {RegenMP Str+2}
   (You found it on level 15 of the Dungeon)

   [amulet of magic regeneration]

   It increases your rate of magic regeneration.
   Str:       It affects your strength (+2).
 W - a ring of willpower (right hand)
 Y - a ring of flight
Wands
 x - a wand of paralysis (57)
 A - a wand of quicksilver (26)
 N - a wand of roots (28)
 S - a wand of flame (83)
 Z - a wand of digging (6)
Scrolls
 b - 9 scrolls of immolation
 h - 7 scrolls of fear
 i - 15 scrolls of teleportation
 m - 4 scrolls of summoning
 n - 5 scrolls of fog
 o - 3 scrolls of torment
 p - 5 scrolls of blinking
 r - 10 scrolls of silence
 F - 5 scrolls of enchant armour
 G - 5 scrolls of amnesia
 H - 5 scrolls of vulnerability
 K - 5 scrolls of poison
Potions
 d - 12 potions of curing
 e - 5 potions of resistance
 f - 4 potions of berserk rage
 j - 5 potions of attraction
 k - 6 potions of brilliance
 l - 7 potions of flight
 s - 4 potions of magic
 t - 4 potions of might
 u - 2 potions of invisibility
 v - 11 potions of lignification
 w - 12 potions of ambrosia
 z - 3 potions of haste
 B - 15 potions of heal wounds
 D - 3 potions of mutation
 E - 7 potions of cancellation
Miscellaneous
 P - a condenser vane
 Q - a tin of tremorstones (2/2)
 X - a lightning rod (4/4)


   Skills:
 - Level 18.7 Fighting
 - Level 18.0 Ranged Weapons
 - Level 9.0 Armour
 - Level 26.5 Dodging
 - Level 11.6 Stealth
 - Level 5.0 Conjurations
 + Level 13.3 Translocations


You had 14 spell levels left.
You knew the following spells:

 Your Spells              Type           Power      Damage    Failure   Level
a - Blink                 Tloc           62%        N/A       1%          2
b - Iskenderun's Mystic   Conj/Tloc      21%        2d6       8%          4

Your spell library contained the following spells:

 Spells                   Type           Power      Damage    Failure   Level
 Apportation              Tloc           62%        N/A       1%          1
 Lesser Beckoning         Tloc           62%        N/A       1%          2
 Momentum Strike          Conj/Tloc      42%        3d9       1%          2
 Vhi's Electric Charge    Tloc/Air       30%        N/A       7%          3
 Foxfire                  Conj/Fire      24%        2x1d5     12%         1
 Static Discharge         Conj/Air       12%        2-3/arc   19%         2
 Sandblast                Erth           0%         2d4       32%         1
 Sting                    Tmut/Pois      0%         1d3       32%         1
 Summon Small Mammal      Summ           0%         N/A       32%         1
 Stone Arrow              Conj/Erth      12%        3d7       34%         3
 Ensorcelled Hibernation  Hex/Ice        0%         N/A       45%         2
 Poisonous Vapours        Pois/Air       0%         N/A       45%         2
 Scorch                   Fire           0%         2d5       45%         2
 Sublimation of Blood     Necr           0%         N/A       45%         2
 Summon Forest            Summ/Tloc      7%         N/A       52%         5
 Inner Flame              Hex/Fire       0%         N/A       69%         3
 Spider Form              Tmut/Pois      0%         N/A       69%         3
 Vampiric Draining        Necr           0%         2d6       69%         3
 Flame Wave               Conj/Fire      6%         2d5       75%         4
 Sticky Flame             Conj/Fire      6%         2d3       75%         4
 Anguish                  Hex/Necr       0%         N/A       97%         4
 Animate Armour           Summ/Erth      0%         N/A       97%         4
 Animate Dead             Necr           0%         N/A       97%         4
 Cause Fear               Hex            0%         N/A       97%         4
 Leda's Liquefaction      Hex/Erth       0%         N/A       97%         4
 Olgreb's Toxic Radiance  Pois           0%         N/A       97%         4
 Petrify                  Tmut/Erth      0%         N/A       97%         4
 Summon Lightning Spire   Summ/Air       0%         N/A       97%         4
 Arcjolt                  Conj/Air       3%         1d13      97%         5
 Irradiate                Conj/Tmut      3%         3d12      97%         5
 Lightning Bolt           Conj/Air       3%         1d14      97%         5
 Lee's Rapid Deconstruct  Erth           0%         3d4*      100%        5
 Eringya's Noxious Bog    Tmut/Pois      0%         N/A       100%        6
 Statue Form              Tmut/Erth      0%         N/A       100%        6
 Summon Cactus Giant      Summ           0%         N/A       100%        6
 Dragon Form              Tmut           0%         N/A       100%        7
 Haunt                    Necr/Summ      0%         N/A       100%        7
 Storm Form               Tmut/Air       0%         N/A       100%        7
 Summon Hydra             Summ           0%         N/A       100%        7
 Infestation              Necr           0%         N/A       100%        8
 Lehudib's Crystal Spear  Conj/Erth      3%         10d2      100%        8
 Maxwell's Capacitive Co  Air            0%         ∞         100%        8
 Summon Horrible Things   Summ           0%         N/A       100%        8
 Chain Lightning          Conj/Air       3%         3d4       100%        9
 Dragon's Call            Summ           0%         N/A       100%        9
 Fire Storm               Conj/Fire      3%         8d1       100%        9
 Shatter                  Erth           0%         3d5*      100%        9


Dungeon Overview and Level Annotations

Branches:
Dungeon (15/15)            Temple (1/1) D:7            Lair (5/5) D:10
  Swamp (4/4) Lair:2       Spider (4/4) Lair:2        Slime (0/5) Lair:4
    Orc (2/2) D:10            Elf (3/3) Orc:2        Vaults (3/5) D:14
  Crypt (0/3) Vaults:2     Depths (1/4) D:15        Volcano (visited)

Altars:
Ashenzari
Cheibriados
Dithmenos
Elyvilon
Hepliaklqana
Kikubaaqudgha
Makhleb
Nemelex Xobeh
Qazlal
Ru
Sif Muna
Trog
Uskayaw
Vehumet
Wu Jian
Xom
Yredelemnul
Zin
The Shining One

Shops:
D:3 [   D:5 !   D:6 (   D:9 !?*   D:13 :   Orc:2 (::([   Elf:1 (

Portals:
Hell: Depths:1
Abyss: Depths:1

Annotations:
Spider:3 3 runed translucent doors, Wolaime's ghost, journeyman OpVM
Elf:2 6 runed translucent doors, postfeelist's ghost, veteran GnRe
Vaults:3 Zenata


Innate Abilities, Weirdness & Mutations

You are very small and have problems with some larger weapons.
You are too small for most types of armour.
You have supernaturally acute eyesight. (SInv)
You cover ground extremely quickly. (Speed+++)


Message History

You shoot a bolt. The bolt closely misses Zenata.
Your shadow shoots a bolt.
The bolt hits Zenata.
The +2 long sword of draining closely misses you.
The +4 hand axe of freezing hits you!
The +4 hand axe of freezing freezes you.
Zenata completely misses you.
Unknown command.
Fire: J) +4 arbalest (flame)
Press: ? - help, Q - select action, (/) - cycle Shift-Dir - straight line, f/p - Zenata
Aim: Zenata, wielding a +2 executioner's axe and wearing a +1 leather armour of cold resistance (heavily wounded, umbra, 78% to hit)
You shoot a bolt. The bolt closely misses Zenata.
Your shadow shoots a bolt.
The bolt barely misses Zenata.
The +2 long sword of draining misses you.
The +4 hand axe of freezing completely misses you.
The +2 long sword of draining hits you but does no damage.
You feel drained. The +4 hand axe of freezing misses you.
Zenata closely misses you.
Unknown command.
The +4 hand axe of freezing hits you!
* * * LOW HITPOINT WARNING * * *
The +4 hand axe of freezing freezes you.
* * * LOW HITPOINT WARNING * * *
The +4 hand axe of freezing completely misses you.
A stray blade cuts Zenata's own flesh.
She ignores it.
The +2 long sword of draining attacks as you move away!
The +2 long sword of draining misses you.
You see here an ugly thing corpse.
You see here a deep troll corpse.
There is an open door, spattered with blood here.
As you read the scroll of teleportation, it crumbles to dust.
You feel strangely unstable.
The +2 long sword of draining completely misses you.
The +4 hand axe of freezing misses you.
The +2 long sword of draining completely misses you.
The +4 hand axe of freezing hits you.
* * * LOW HITPOINT WARNING * * *
The +2 long sword of draining completely misses you.
Zenata casts a spell at you.
A blast of power from the earth and the adjacent constructs strikes you!
You die...

.......#......# #######
.......#......# #.#...#
.......#......# #.#...#
.......#......# +.#...#
.......#......# #.#...
.......#......# #.#T###
.†.....#......# #.....#
.......'......######p##+##
.......#..a†.†'(@#..T#
####...#......#(.#...#
#...#......#.T#...##### .
#...########..).......# <.
#...# ####..#'####
...#...# #.....#....#
...#...# #####'#....#
...#...# #.....#....#
#...# #.....#....#


You could see Zenata, a deep troll and 2 dancing weapons.

Vanquished Creatures
  Nikola (Swamp:4)
  Mlioglotl (Lair:2)
  Jorgrun (Spider:1)
  2 tentacled monstrosities
  Rupert (D:12)
  2 deep elf master archers (Elf:3)
  2 liches (Depths:1)
  2 deep elf blademasters (Elf:3)
  Frances (Swamp:1)
  2 sphinxes
  Gastronok (Lair:2)
  A tengu reaver (Vaults:2)
  A thorn hunter (Swamp:4)
  Donald (Elf:1)
  Agnes (Spider:3)
  2 frost giants
  5 deep elf sorcerers
  A fire giant (Depths:1)
  A deep elf elementalist (Elf:3)
  5 ghost moths
  7 vault wardens
  9 emperor scorpions
  2 angels (Vaults:1)
  7 very ugly things
  An orc warlord (Vaults:1)
  2 ironbound preservers (Vaults:2)
  3 broodmothers
  7 ironbound thunderhulks
  3 stone giants
  11 deep elf annihilators (Elf:3)
  8 deep elf demonologists (Elf:3)
  4 eleionomae
  Azrael (Elf:1)
  A bunyip (Swamp:1)
  4 spark wasps
  3 deep elf death magi (Elf:3)
  4 fire dragons
  2 ettins (Depths:1)
  3 blizzard demons (D:14)
  A crystal guardian (Vaults:2)
  Josephine (Orc:2)
  3 jiangshi
  6 yaktaur captains (Vaults:1)
  2 deep elf high priests (Elf:3)
  A salamander tyrant (Depths:1)
  3 shambling mangroves
  9 vault guards
  An ice dragon (D:15)
  A peacekeeper (Vaults:3)
  3 entropy weavers
  A rakshasa (Depths:1)
  2 great orbs of eyes (Vaults:2)
  An ogre mage (Volcano)
  A hell beast (Depths:1)
  3 alligators
  23 hydras
  5 ironbound frosthearts
  2 catoblepae
  15 centaur warriors
  A boulder beetle (Lair:5)
  7 death yaks
  2 jorogumos
  A radroach (Spider:2)
  A death scarab (Spider:4)
  15 dancing weapons
  5 two-headed ogres
  A tengu warrior (D:12)
  A vampire mage (Depths:1)
  2 spriggan berserkers (Depths:1)
  A hell hog (Depths:1)
  3 hell knights (Depths:1)
  A skyshark (Lair:2)
  3 orc high priests (Orc:2)
  4 sun demons (Depths:1)
  12 deep elf knights
  2 soul eaters (Depths:1)
  Amaemon (Lair:1)
  9 deep trolls
  7 goliath frogs
  6 pharaoh ants
  A swamp dragon (shapeshifter) (Depths:1)
  6 wizards
  6 spriggan druids
  3 bog bodies
  4 sun moths
  14 swamp dragons
  10 orb spiders
  7 steelbarb worms
  10 ironbound convokers
  The ghost of pener the Chopper, a novice MiFi (D:5)
  8 orc knights
  6 deep elf archers
  21 deep elf pyromancers
  17 lindwurms
  22 deep elf zephyrmancers
  4 necromancers
  A tengu skeleton (Vaults:1)
  6 orc sorcerers
  18 ugly things
  4 salamanders (Depths:1)
  A cyclops (shapeshifter) (D:14)
  4 manticores (D:14)
  3 will-o-the-wisps
  An oklob plant (Lair:4)
  17 wolf spiders
  6 cyclopes
  Maurice (D:12)
  21 elephants
  4 moths of wrath
  9 vault sentinels
  4 smoke demons (Depths:1)
  2 water nymphs (Swamp:2)
  3 black mambas
  8 demonic crawlers
  7 torpor snails
  A gargoyle (D:14)
  16 cane toads
  A kobold demonologist (D:12)
  2 efreet
  9 komodo dragons
  An orange demon (Lair:1)
  7 rime drakes
  A tengu conjurer (D:13)
  18 yaktaurs
  4 freezing wraiths (D:14)
  7 ice devils (D:14)
  6 trolls
  6 tyrant leeches
  3 polar bears
  36 hornets
  9 meliai
  A queen bee (Spider:1)
  17 tarantellas
  Prince Ribbit (D:5)
  8 blink frogs
  5 dream sheep (Lair:3)
  5 air elementals
  46 slime creatures
  2 centaur simulacra (D:14)
  A shadow (D:12)
  A vampire (D:12)
  20 jumping spiders
  22 spriggans
  24 culicivoras
  A spriggan (shapeshifter) (D:15)
  44 yaks
  Eustachio (D:5)
  4 wraiths
  5 wyverns
  A water elemental (D:11)
  2 basilisks
  4 fire elementals
  5 humans (D:8)
  A steam dragon (D:5)
  24 vampire mosquitoes
  59 redbacks
  A yaktaur simulacrum (Vaults:1)
  Menkaure (D:4)
  Edmund (D:6)
  2 wargs
  An acid dragon (D:9)
  A glowing shapeshifter zombie (Vaults:1)
  A hell hound (Orc:2)
  15 swamp worms
  11 water moccasins
  10 swamp drakes
  20 orc warriors
  2 sky beasts (D:7)
  An ice beast (D:7)
  9 black bears
  4 boggarts (Lair:5)
  6 ogres
  30 wolves
  7 phantoms
  7 centaurs
  8 bullfrogs
  3 earth elementals
  7 kobold brigands
  5 scorpions
  7 wights
  A cyclops skeleton (Orc:1)
  2 troll zombies
  24 killer bees
  5 howler monkeys
  An electric eel (D:11)
  12 jellies
  A hound (D:5)
  19 orc priests
  3 gnoll boudas
  7 iguanas
  25 orc wizards
  Ijyb (D:5)
  8 hell rats
  9 ogre zombies
  5 adders
  11 gnolls
  An ogre simulacrum (Orc:1)
  4 river rats (D:10)
  3 white imps
  2 ufetubi
  2 worms
  2 dart slugs
  73 orcs
  3 ball pythons
  11 bats
  14 endoplasms
  5 giant cockroaches
  9 goblins
  4 hobgoblins
  6 jackals
  3 quokkas
  A frilled lizard (D:1)
  A goblin skeleton (D:10)
  4 goblin zombies (D:10)
  3 hobgoblin skeletons (D:10)
  A hobgoblin zombie (D:10)
  40 kobolds
  9 orc skeletons
  16 orc zombies
  11 rats
1498 creatures vanquished.

Vanquished Creatures (collateral kills)
  A spriggan air mage (Depths:1)
  2 hornets (Depths:1)
  2 spriggans (Depths:1)
5 creatures vanquished.

Vanquished Creatures (others)
  A great orb of eyes (Vaults:1)
  A deep elf zephyrmancer (Elf:1)
  2 deep elf pyromancers
  An orc wizard (Orc:2)
  4 foxfires
  45 fungi
  40 plants
  2 starspawn tentacles (Lair:2)
  4 toadstools (D:1)
100 creatures vanquished.

Grand Total: 1603 creatures vanquished

Notes
Turn   | Place    | Note
-------+----------+-------------------------------------------
     0 | D:1      | MacCMillion the Spriggan Hunter began the quest for the
                  | Orb.
     0 | D:1      | Reached XP level 1. HP: 10/10 MP: 2/2
    67 | D:1      | Reached XP level 2. HP: 14/14 MP: 3/3
   425 | D:1      | Reached XP level 3. HP: 18/18 MP: 4/4
  1082 | D:2      | Reached skill level 5 in Ranged Weapons
  1189 | D:2      | Reached XP level 4. HP: 22/22 MP: 5/5
  1560 | D:3      | Found a broken altar of Ashenzari.
  1610 | D:3      | Found Olebric's Armour Shop.
  1885 | D:3      | Found a faded altar of an unknown god.
  1932 | D:3      | Found the +7 Throatcutter {drain, coup de grace}
  1932 | D:3      | Noticed a kobold brigand
  1932 | D:3      | Noticed a kobold brigand
  2033 | D:4      | Found a bloodstained altar of Trog.
  2033 | D:4      | Noticed a black bear
  2033 | D:4      | Noticed a black bear
  2098 | D:3      | Killed a black bear
  2099 | D:3      | Reached XP level 5. HP: 25/25 MP: 6/6
  2347 | D:3      | Killed a black bear
  2348 | D:3      | Reached XP level 6. HP: 30/30 MP: 7/7
  3024 | D:4      | Found the +1 Delatra's gloves {ID++}
  3068 | D:4      | Reached XP level 7. HP: 29/33 MP: 8/8
  3690 | D:4      | You fall into a shaft and drop 1 floor!
  3690 | D:5      | Entered Level 5 of the Dungeon
  3693 | D:5      | Noticed a steam dragon
  3728 | D:5      | Found Erisahopp's Distillery.
  3918 | D:5      | Noticed Eustachio
  3965 | D:5      | Noticed Prince Ribbit
  4325 | D:4      | Noticed Menkaure
  4330 | D:4      | Killed Menkaure
  4482 | D:5      | Reached skill level 10 in Ranged Weapons
  4482 | D:5      | Reached XP level 8. HP: 37/37 MP: 9/9
  4506 | D:5      | Found a transporter.
  4506 | D:5      | Noticed pener's ghost (novice MiFi)
  4579 | D:5      | Found a transporter.
  4605 | D:5      | Noticed Ijyb
  4611 | D:5      | Killed Ijyb
  4794 | D:5      | Killed Prince Ribbit
  5564 | D:6      | Found Duapsu's Antique Weapon Shoppe.
  5633 | D:6      | Found an ancient bone altar of Kikubaaqudgha.
  5819 | D:6      | Noticed Edmund
  6251 | D:6      | Found a hide-covered altar of Uskayaw.
  6308 | D:6      | Killed Edmund
  6309 | D:6      | Reached skill level 5 in Fighting
  6409 | D:6      | Reached skill level 3 in Dodging
  6819 | D:7      | Reached XP level 9. HP: 47/47 MP: 10/10
  7174 | D:6      | Found an ancient bone altar of Kikubaaqudgha.
  7333 | D:6      | Found a hide-covered altar of Uskayaw.
  7530 | D:6      | Found Duapsu's Antique Weapon Shoppe.
  8059 | D:7      | Reached skill level 4 in Dodging
  8181 | D:7      | Found a staircase to the Ecumenical Temple.
  8192 | Temple   | Entered the Ecumenical Temple
  8222 | Temple   | Became a worshipper of Dithmenos the Shadowed
  8394 | D:7      | Paralysed by a hornet for 3 turns
  8786 | D:6      | Paralysed by a hornet for 1 turns
  8788 | D:6      | Reached skill level 5 in Dodging
  9632 | D:8      | Reached skill level 6 in Dodging
  9744 | D:8      | Reached XP level 10. HP: 53/53 MP: 11/11
 10245 | D:8      | Found a radiant altar of Vehumet.
 10349 | D:8      | Reached skill level 7 in Dodging
 10357 | D:8      | Reached * piety under Dithmenos
 11028 | D:9      | Noticed a lindwurm
 11030 | D:9      | Noticed a lindwurm
 11030 | D:9      | Noticed a lindwurm
 11496 | D:9      | Reached skill level 5 in Stealth
 11520 | D:9      | Reached skill level 8 in Dodging
 11599 | D:9      | Found Fuofocy's Magic Scroll Shop.
 11638 | D:9      | Got the Dissertation on Bones and Translocation
 11719 | D:9      | Noticed a two-headed ogre
 11726 | D:9      | Noticed a lindwurm
 11821 | D:9      | Killed a two-headed ogre
 11885 | D:9      | Found Uguukk's Assorted Antiques.
 11907 | D:9      | Reached ** piety under Dithmenos
 12021 | D:9      | Found a sacrificial altar of Ru.
 12029 | D:9      | Found a stormy altar of Qazlal.
 12335 | D:9      | Reached XP level 11. HP: 50/58 MP: 12/12
 12362 | D:9      | Found Xuthistrouca's Distillery.
 12546 | D:9      | Bought a scroll of fear for 52 gold pieces
 12546 | D:9      | Bought a scroll of identify for 26 gold pieces
 12570 | D:10     | Entered Level 10 of the Dungeon
 12663 | D:10     | Noticed a death yak
 12698 | D:10     | Noticed a death yak
 12718 | D:10     | Noticed a death yak
 12874 | D:9      | Killed a death yak
 13054 | D:9      | Killed a death yak
 13266 | D:9      | Reached skill level 9 in Dodging
 13472 | D:9      | Killed a death yak
 13535 | D:10     | Reached *** piety under Dithmenos
 13550 | D:10     | Found a staircase to the Lair.
 13662 | D:10     | Found a staircase to the Orcish Mines.
 13731 | D:10     | Found an ornate altar of the Wu Jian Council.
 14335 | D:11     | Reached **** piety under Dithmenos
 15200 | D:11     | Reached skill level 10 in Dodging
 15823 | D:12     | Noticed Rupert
 16213 | Lair:1   | Entered Level 1 of the Lair of Beasts
 16495 | Lair:1   | Reached XP level 12. HP: 49/65 MP: 13/13
 17023 | Lair:1   | Reached skill level 15 in Ranged Weapons
 17047 | Lair:1   | Noticed Amaemon
 17126 | Lair:1   | Noticed a death yak
 17126 | Lair:1   | Noticed a death yak
 17126 | Lair:1   | Noticed a death yak
 17126 | Lair:1   | Noticed a death yak
 17249 | Lair:1   | Killed a death yak
 17627 | Lair:1   | Killed Amaemon
 17888 | Lair:1   | Reached skill level 11 in Dodging
 18281 | Lair:1   | Killed a death yak
 18439 | Lair:1   | Killed a death yak
 18562 | Lair:1   | Killed a death yak
 19030 | Lair:2   | Reached ***** piety under Dithmenos
 19102 | Lair:2   | Reached skill level 12 in Dodging
 19155 | Lair:2   | Found a dark tunnel.
 19202 | Volcano  | Entered a volcano
 19218 | Volcano  | Noticed an ogre mage
 19235 | Volcano  | Paralysed by an ogre mage for 5 turns
 19242 | Volcano  | Killed an ogre mage
 19248 | Volcano  | Found a radiant altar of Vehumet.
 19249 | Volcano  | Noticed a two-headed ogre
 19257 | Volcano  | Noticed a two-headed ogre
 19281 | Volcano  | Killed a two-headed ogre
 19312 | Volcano  | Killed a two-headed ogre
 19334 | Volcano  | Noticed a two-headed ogre
 19336 | Volcano  | Noticed a two-headed ogre
 19337 | Volcano  | Noticed a red draconian
 19338 | Volcano  | Noticed a two-headed ogre
 19338 | Volcano  | Noticed a two-headed ogre
 19353 | Volcano  | Killed a two-headed ogre
 19370 | Volcano  | Killed a two-headed ogre
 19662 | Lair:2   | Reached XP level 13. HP: 70/70 MP: 14/14
 19683 | Lair:2   | Found the +16 obsidian axe {drain, demonic, Mesm Drain Fly
                  | SInv}
 20402 | Lair:2   | Found a hole to the Spider Nest.
 20451 | Lair:2   | Noticed Gastronok
 21100 | Lair:2   | Killed Gastronok
 21636 | Lair:2   | Reached skill level 13 in Dodging
 21666 | Lair:2   | Found a staircase to the Swamp.
 22564 | Lair:2   | Reached skill level 10 in Fighting
 26036 | Lair:4   | Found a staircase to the Slime Pits.
 26846 | Lair:5   | Entered Level 5 of the Lair of Beasts
 27475 | Lair:5   | Reached skill level 14 in Dodging
 27957 | Lair:5   | Reached XP level 14. HP: 77/77 MP: 15/15
 28476 | Lair:4   | Reached skill level 15 in Dodging
 29443 | Lair:5   | Reached ****** piety under Dithmenos
 29935 | Lair:5   | Reached skill level 16 in Dodging
 31050 | Orc:1    | Entered Level 1 of the Orcish Mines
 32054 | Orc:2    | Entered Level 2 of the Orcish Mines
 32054 | Orc:2    | Noticed Josephine
 32779 | Orc:2    | Killed Josephine
 32972 | Orc:2    | Found a shimmering blue altar of Sif Muna.
 33207 | Orc:2    | Found Dyxeac's Weapon Shoppe.
 33362 | Orc:2    | Found a staircase to the Elven Halls.
 33749 | Orc:2    | Reached skill level 17 in Dodging
 34032 | Orc:2    | Found Zisty's Book Emporium.
 34032 | Orc:2    | Found Hick's Book Emporium.
 34036 | Orc:2    | Found Ughocras's Armour Boutique.
 34036 | Orc:2    | Found Arher's Weapon Boutique.
 34612 | D:13     | Found Zasum's Book Shop.
 34796 | D:13     | Reached XP level 15. HP: 78/85 MP: 16/16
 35461 | D:14     | Found a gate to the Vaults.
 35824 | D:14     | Reached skill level 18 in Dodging
 37762 | D:14     | Found the +8 frozen axe "Frostbite" {freeze, freezing
                  | cloud, *Noise Fly rC+}
 37930 | D:15     | Entered Level 15 of the Dungeon
 37956 | D:15     | Identified the amulet of the Scavenger {RegenMP Str+2}
 38225 | D:15     | Found a staircase to the Depths.
 38270 | D:15     | Reached skill level 19 in Dodging
 38770 | D:9      | Got the Textbook on Underground Beckoning
 38819 | Spider:1 | Entered Level 1 of the Spider Nest
 39295 | Spider:1 | Noticed Jorgrun
 39391 | Spider:1 | Killed Jorgrun
 39810 | Spider:1 | You fall into a shaft and drop 1 floor!
 39826 | Spider:2 | Reached skill level 10 in Stealth
 40006 | Swamp:1  | Entered Level 1 of the Swamp
 40284 | Swamp:1  | Identified a scroll of acquirement
 40285 | Swamp:1  | Acquired a scarf of resistance
 40685 | Lair:2   | Learned a level 2 spell: Blink
 40811 | Spider:1 | Reached skill level 1 in Translocations
 41820 | Spider:2 | Reached skill level 5 in Translocations
 41912 | Spider:2 | Reached XP level 16. HP: 92/92 MP: 17/17
 44141 | Swamp:1  | Reached skill level 1 in Armour
 44377 | Swamp:1  | Noticed Frances
 44526 | Swamp:1  | Killed Frances
 44803 | Swamp:1  | Noticed Mlioglotl
 44826 | Swamp:1  | Noticed a lich
 45141 | Swamp:1  | Noticed a lich
 45142 | Swamp:1  | Noticed a tentacled starspawn
 45265 | Lair:2   | Killed Mlioglotl
 46449 | Swamp:2  | Reached skill level 5 in Armour
 49307 | Swamp:4  | Entered Level 4 of the Swamp
 50568 | Swamp:4  | Noticed a thorn hunter
 50573 | Swamp:4  | Killed a thorn hunter
 50915 | Swamp:4  | Noticed a tentacled monstrosity
 50951 | Swamp:3  | Killed a tentacled monstrosity
 51370 | Swamp:4  | Reached XP level 17. HP: 97/97 MP: 18/18
 51372 | Swamp:4  | Paralysed by a hornet for 3 turns
 51678 | Swamp:4  | Reached skill level 20 in Dodging
 53048 | Swamp:4  | Noticed a tentacled monstrosity
 53054 | Swamp:4  | Killed a tentacled monstrosity
 54201 | Swamp:4  | Noticed Nikola
 54223 | Swamp:4  | Killed Nikola
 54568 | Swamp:4  | Acquired 1056 gold pieces
 54839 | Swamp:4  | Got a decaying rune of Zot
 54840 | Swamp:4  | Reached XP level 18. HP: 102/102 MP: 19/19
 55749 | Spider:3 | Reached skill level 21 in Dodging
 56225 | Spider:3 | Noticed Agnes
 56366 | Spider:3 | Reached skill level 15 in Fighting
 57144 | Spider:3 | Found a runed translucent gate.
 57144 | Spider:3 | Found a runed translucent gate.
 57144 | Spider:3 | Found a runed translucent gate.
 57149 | Spider:3 | Noticed Wolaime's ghost (journeyman OpVM)
 57910 | Spider:3 | Killed Agnes
 58653 | Spider:4 | Entered Level 4 of the Spider Nest
 59939 | Spider:4 | Reached skill level 22 in Dodging
 60938 | Spider:4 | Reached XP level 19. HP: 87/109 MP: 20/20
 62109 | Spider:4 | Got a gossamer rune of Zot
 62488 | Elf:1    | Entered Level 1 of the Elven Halls
 62611 | Elf:1    | Noticed Azrael
 62911 | Elf:1    | Killed Azrael
 63085 | Elf:1    | Reached skill level 23 in Dodging
 63352 | Elf:1    | Found Geunuepp's Weapon Emporium.
 63550 | Elf:1    | Noticed Donald
 63636 | Elf:1    | Killed Donald
 64467 | Elf:2    | Paralysed by an air elemental for 1 turns
 64568 | Elf:2    | Found a runed translucent gate.
 64568 | Elf:2    | Found a runed translucent gate.
 64568 | Elf:2    | Found a runed translucent gate.
 64655 | Elf:2    | Noticed postfeelist's ghost (veteran GnRe)
 64978 | Elf:2    | Found a runed translucent gate.
 64979 | Elf:2    | Found a runed translucent gate.
 64979 | Elf:2    | Found a runed translucent gate.
 65080 | Elf:2    | Paralysed by an air elemental for 1 turns
 65296 | Elf:3    | Entered Level 3 of the Elven Halls
 65485 | Elf:3    | Reached skill level 24 in Dodging
 67456 | Elf:3    | Identified the +4 battleaxe of the Ghost {flame, rCorr
                  | Int+3 Dex+3}
 67819 | Elf:3    | Identified the ring "Geasag" {rC- MP+9 Str+4 Dex+4}
 68077 | Elf:3    | Identified the +3 acid dragon scales "Leuzxas" {rPois rCorr
                  | Int+2 Dex+4 Slay-4}
 68294 | Elf:3    | Identified the +7 morningstar "Uppiosch" {freeze, Will++
                  | Str-4 Dex+2}
 68870 | Elf:3    | Paralysed by an air elemental for 1 turns
 68875 | Elf:3    | Paralysed by an air elemental for 1 turns
 69020 | Elf:3    | Reached XP level 20. HP: 114/117 MP: 21/21
 69951 | Elf:3    | Found the +2 hood of the Assassin {Detect Stab+ Stlth++}
 69955 | Elf:3    | Found the +3 pair of gauntlets of War {Slay+5}
 69974 | Elf:3    | Got Nidamp's Textbook on the Coals
 69988 | Elf:3    | Identified the +0 whip "Keazxeilu" {speed, rElec rN+ Dex+2
                  | Stlth-}
 69990 | Elf:3    | Identified the +9 sling of Insufficient Pleasure {freeze,
                  | rElec Int+2}
 70301 | D:12     | Killed Rupert
 70346 | D:12     | Reached skill level 25 in Dodging
 70387 | D:12     | Noticed Maurice
 70395 | D:12     | Killed Maurice
 71271 | D:5      | Found a transporter.
 71302 | D:5      | Found a transporter.
 71346 | D:5      | Found Erisahopp's Distillery.
 71789 | D:5      | Killed Eustachio
 71837 | D:5      | Killed pener's ghost
 72088 | Depths:1 | Entered Level 1 of the Depths
 73040 | Depths:1 | Found a gateway to Hell.
 73134 | Depths:1 | Found a one-way gate to the infinite horrors of the Abyss.
 73137 | Depths:1 | Found a shadowy altar of Dithmenos.
 74820 | Vaults:1 | Entered Level 1 of the Vaults
 74909 | Vaults:1 | Reached skill level 26 in Dodging
 75636 | Vaults:1 | Found a crumbling gateway.
 76176 | Vaults:1 | Found a white marble altar of Elyvilon.
 76185 | Vaults:1 | Found a glowing silver altar of Zin.
 76185 | Vaults:1 | Found a glowing golden altar of the Shining One.
 76427 | Vaults:1 | Found a flickering gateway to a bazaar.
 76435 | Bazaar   | Entered a bazaar
 76437 | Bazaar   | Found Byriok's Antique Weapon Boutique.
 76441 | Bazaar   | Found Qiecyicu's Weapon Boutique.
 76441 | Bazaar   | Found Pihif's Armour Boutique.
 76441 | Bazaar   | Found Ittifoss's General Store.
 76447 | Bazaar   | Bought a scroll of blinking for 60 gold pieces
 76743 | Vaults:1 | Reached skill level 1 in Conjurations
 78017 | Vaults:2 | Reached XP level 21. HP: 124/124 MP: 22/22
 78182 | Vaults:2 | Found an ancient bone altar of Kikubaaqudgha.
 78183 | Vaults:2 | Found a staircase to the Crypt.
 78184 | Vaults:2 | Found a basalt altar of Yredelemnul.
 78573 | Vaults:2 | Reached skill level 10 in Translocations
 80342 | Vaults:3 | Identified the +0 chain mail of the Spider Nest {rCorr MP-9
                  | Dex+3}
 80349 | Vaults:3 | Noticed Zenata
 81477 | Vaults:3 | Reached skill level 5 in Conjurations
 81493 | Vaults:3 | Learned a level 4 spell: Iskenderun's Mystic Blast
 81608 | Vaults:3 | Killed from afar by Zenata

Illustrated notes

Levels and vault maps discovered:
D:1:      roderic_chinese_lattice_arrival, layout_basic,
          minmay_gold_behind_fungi, minivault_19, roderic_lattice_a
D:2:      layout_basic
D:3:      layout_basic, mainiacjoe_overflow_alcove_2,
          hellmonk_ecumenical_altar_leap_of_faith, serial_shops, shop,
          dilly_guarded_unrand_throatcut
D:4:      layout_basic, trog_ov_bears_minmay, uniq_menkaure
D:5:      layout_loops_cross, gammafunk_ghost_arena, serial_shops, shop,
          uniq_eustachio, uniq_prince_ribbit1, uniq_ijyb
D:6:      layout_gridville, nicolae_uskayaw_murder_on_the_dancefloor,
          lemuel_tele_altar, serial_shops, shop, uniq_edmund
D:7:      layout_rooms, minmay_temple_entry_gardened_gates
D:8:      layout_basic, pf_just_have_faith, minmay_ruffians
D:9:      layout_roguey [special_room_orc], minitemple, serial_shops,
          nicolae_lakefront_shop, nicolae_shop_overgrown_old_shop,
          shop_fountains, minmay_lindwurm_lava
D:10:     layout_rooms, nicolae_wu_jian_wuxing_cycle, dpeg_lair_monsters,
          zombieorc2_lemuel, kennysheep_potato
D:11:     layout_basic, minmay_misc_feat_enclosed
D:12:     layout_irregular_city, nzn_random_ring, uniq_maurice, uniq_rupert
D:13:     layout_basic, serial_shops, shop
D:14:     layout_long_grid, lightli_vaults_fourway_checkpoint, minivault_1,
          hellmonk_guarded_unrand_frostbite
D:15:     grunt_enter_depths_hoard, layout_basic
Temple:   nicolae_temple_great_sept
Lair:1:   layout_roguey, uniq_amaemon
Lair:2:   layout_misc_corridors, palyth_hydra_swamp_entry,
          spider_nest_entry_web_field, nicolae_volcano_entry_vermiform,
          chequers_serial_rivers_marsh, dreamdust_deal_with_the_devil,
          st_stairs_9, uniq_gastronok
Lair:3:   layout_misc_corridors, infiniplex_staircase_pool_2,
          grunt_megastairs_2, serial_bayou_shore_a
Lair:4:   layout_cave_pods, minmay_slime_entry_jelly_boxes
Lair:5:   minmay_lair_end_enchanted_forest, layout_regular_city,
          grunt_megastairs_3
Swamp:1:  layout_basic_swamp, hangedman_swamp_pad, swamp_pool5, st_swamp_mini,
          uniq_mlioglotl, uniq_frances
Swamp:2:  layout_falls_marsh, evilmike_swamp_ruin_house_4,
          nicolae_swamp_nymph_family_reunion
Swamp:3:  nicolae_swamp_ascending_descending_big, layout_basic_swamp,
          evilmike_swamp_ruin_rubble_1, swamp_pool3
Swamp:4:  swamp_alternative, layout_basic_swamp, uniq_nikola
Spider:1: layout_chambers, special_room [special_room_bee],
          nicolae_spider_twisty_arc_passages, uniq_jorgrun
Spider:2: cheibrodos_forgotten_conduit
Spider:3: spiders_nest_scorpion_pit, gammafunk_ghost_tricky_traps, uniq_agnes
Spider:4: spider_rune_water
Orc:1:    dreamdust_under_siege, layout_caves, basic_altar
Orc:2:    st_orc_elflike, layout_diamond_mine, serial_shops, shop, basic_altar,
          kennysheep_orc_sif_temple, uniq_josephine
Elf:1:    layout_geoelf_diagonals, serial_shops,
          nicolae_shop_bloodbath_and_beyond,
          hangedman_elven_crosses_minicolossus, uniq_donald, uniq_azrael
Elf:2:    nicolae_elf_blades_crystal_corner, layout_loops_corners,
          ebering_ghost_rock_garden, palyth_stone_intersect
Elf:3:    elf_hall, layout_geoelf_grid, lemuel_flamethrower_hall
Vaults:1: portal_desolation_entry_holy_temple, vaults_dpeg_emergency_exit,
          v_misc_32, st_spiral_rooms, v_misc_4, ontoclasm_vaults_tryst,
          v_alt_pattern_3, v_alt_pattern_3, v_misc_11, grunt_vaults_diagonal,
          vaults_standard_mumra_enter_the_diamond, layout_vaults_maze,
          serial_shops, bzr_entry_road
Vaults:2: minmay_crypt_entry_necro_gods, nicolae_vaults_stairing_the_circle,
          hangedman_vaults_restitches, v_misc_30, v_alt_pattern_2, v_rooms_2,
          nicolae_vaults_theta, grunt_vaults_hallway_short,
          vaults_room_hangedman_quadrants, layout_vaults_omnigrid
Vaults:3: ontoclasm_vaults_eye, v_misc_26, v_rooms_3,
          nicolae_vaults_shelves_hall, vaults_mumra_chevron,
          grunt_vaults_hallway_long, hangedman_vaults_snaps,
          vaults_room_corners, layout_vaults_omnibox,
          nicolae_trove_entry_crystal, uniq_zenata
Depths:1: layout_honeycomb, hellmouth_3, abyss_entry,
          nicolae_dithmenos_the_darkroom, elyvilon_altar_5

Skill      XL: |  1  2  3  4  5  6  7  8  9 10 11 12 13 14 15 16 17 18 19 20 21 |
---------------+----------------------------------------------------------------+-----
Stealth        | 2 3 4 6 8 11 | 11.6
Ranged Weapons | 5 6 8 10 12 13 14 16 18 | 18.0
Fighting       | 5 6 7 8 9 10 12 13 14 15 17 18 | 18.7
Dodging        | 3 6 8 10 12 14 17 19 20 22 24 26 | 26.5
Translocations | 5 6 8 13 | 13.3
Armour         | 8 9 |  9.0
Conjurations   | 2 5 |  5.0

Action                     |  1- 3 |  4- 6 |  7- 9 | 10-12 | 13-15 | 16-18 | 19-21 || total
---------------------------+-------+-------+-------+-------+-------+-------+-------++-------
  Melee: Arbalest          |       |       |       |       |       |     2 |       ||     2
   Fire: Shortbow          |    99 |   116 |   503 |  1608 |   492 |       |       ||  2818
         Arbalest          |       |       |       |       |  1345 |  1135 |  1756 ||  4236
   Cast: Blink             |       |       |       |       |       |    18 |     4 ||    22
  Evoke: Tin of tremorston |       |       |       |       |     1 |       |       ||     1
         Wand              |       |       |       |       |       |       |     5 ||     5
    Use: Scroll            |       |       |     4 |    15 |     8 |    11 |     8 ||    46
         Potion            |       |       |       |     1 |     4 |     4 |     3 ||    12
 Armour: Robe              |     3 |     1 |     3 |       |       |    38 |    44 ||    89
         Steam dragon scal |       |       |    11 |    44 |    89 |    14 |     6 ||   164
         Swamp dragon scal |       |       |       |       |       |    27 |       ||    27
  Dodge: Dodged            |    38 |    24 |   144 |   473 |  1042 |  1234 |  1205 ||  4160

Table legend: (Time is in decaauts)
 A = Elapsed time spent in this place.
 B = Non-inter-level travel time spent in this place.
 C = Inter-level travel time spent in this place.
 D = Time resting spent in this place.
 E = Time spent auto-exploring this place.
 F = Levels seen in this place.
 G = Mean time per level.
                   A        B        C        D        E       F      G
               +--------+--------+--------+--------+--------+-----+--------+
         Total |  66527 |  62844 |   3683 |  31295 |  18069 |  40 | 1663.2 |
       Dungeon |  18410 |  17001 |   1409 |   5422 |   7421 |  15 | 1227.3 |
        Temple |     26 |     20 |      6 |      0 |     10 |   1 |   26.0 |
          Lair |  13246 |  12315 |    931 |   6500 |   3159 |   5 | 2649.2 |
         Swamp |   9714 |   9452 |    262 |   7325 |   1036 |   4 | 2428.5 |
   Spider Nest |   8953 |   8473 |    480 |   4463 |   2299 |   4 | 2238.2 |
  Orcish Mines |   3124 |   2897 |    227 |   1646 |    681 |   2 | 1562.0 |
   Elven Halls |   5995 |   5800 |    195 |   3204 |   1218 |   3 | 1998.3 |
        Vaults |   4991 |   4836 |    155 |   1449 |   2002 |   3 | 1663.7 |
        Depths |   1734 |   1719 |     15 |   1127 |    235 |   1 | 1734.0 |
        Bazaar |    163 |    163 |      0 |    135 |      5 |   1 |  163.0 |
       Volcano |    165 |    165 |      0 |     21 |      0 |   1 |  165.0 |
               +--------+--------+--------+--------+--------+-----+--------+

Top non-repeatable levels by time:
  Lair:2: 4734 daAuts
 Swamp:4: 4732 daAuts
Spider:1: 2943 daAuts
  Lair:4: 2589 daAuts
   Elf:3: 2561 daAuts
  Lair:1: 2409 daAuts
Spider:4: 2318 daAuts
Vaults:2: 2279 daAuts
   Elf:2: 2195 daAuts
    D:14: 2182 daAuts
Spider:3: 2181 daAuts
Vaults:1: 2179 daAuts
 Swamp:2: 1956 daAuts
     D:9: 1943 daAuts
     D:6: 1926 daAuts
